 Dungeon Crawl Stone Soup version 0.27-a0-607-g1ad3dbde53 (webtiles) character file.

Game seed: 13625866352776784541

49 Togure the Skirmisher (level 3, -3/33 HPs)
             Began as a Ghoul Chaos Knight on Mar 13, 2021.
             Was a Plaything of Xom.
             Slain by a worm (5 damage)
             ... summoned by Xom
             ... on level 2 of the Dungeon.
             The game lasted 00:04:47 (1405 turns).

Togure the Skirmisher (Ghoul Chaos Knight)          Turns: 1405, Time: 00:04:47

Health: -3/33      AC:  5    Str: 16    XL:     3   Next: 75%
Magic:  2/2        EV: 11    Int:  7    God:    Xom [......]
Gold:   116        SH:  0    Dex:  8    Spells: 2/2 levels left

rFire    . . .     SeeInvis .   a - +0 short sword (chaos)
rCold    + . .     Faith    .   (no shield)
rNeg     + + +     Spirit   .   b - +2 leather armour
rPois    ∞         Reflect  .   (no helmet)
rElec    .         Harm     .   (no cloak)
rCorr    .         Rampage  .   (no gloves)
Will     .....                  (no boots)
Stlth    +.........             (no amulet)
HPRegen  0.00/turn              (no ring)
MPRegen  0.08/turn              (no ring)

@: no status effects
A: claws 1, cold resistance 1, negative energy resistance 3, inhibited
regeneration, torment resistance 2, unbreathing 1
a: Renounce Religion


You were on level 2 of the Dungeon.
You worshipped Xom.
You were a very special plaything of Xom.
You visited 1 branch of the dungeon, and saw 2 of its levels.

You collected 116 gold pieces.

Inventory:

Hand Weapons
 a - a +0 short sword of chaos (weapon)
 j - a +2 flail of protection
 k - a +1 mace of pain
Missiles
 g - 13 poisoned darts (quivered)
Armour
 b - a +2 leather armour (worn)
 e - a +0 chain mail
Jewellery
 c - a ring of flight
Scrolls
 d - 2 scrolls of identify {unknown}
 f - a scroll of immolation {unknown}
 i - a scroll of amnesia {unknown}
 l - a scroll of teleportation {unknown}
 m - 3 scrolls of enchant weapon {unknown}
Potions
 h - a potion of heal wounds {unknown}


   Skills:
 + Level 4.0 Fighting
 + Level 3.1 Short Blades
 + Level 2.2 Armour
 + Level 1.3 Dodging
 + Level 0.6 Stealth


You had 2 spell levels left.
You didn't know any spells.
Your spell library was empty.

Dungeon Overview and Level Annotations

Branches:
Dungeon (2/15)

Altars:
Trog


Innate Abilities, Weirdness & Mutations

You thrive by killing the living.
You are immune to poison.
You have sharp fingernails.
Your flesh is cold resistant. (rC+)
You are immune to negative energy. (rN+++)
You do not regenerate when monsters are visible.
You are immune to unholy pain and torment.
You can survive without breathing.


Message History

The worm closely misses you.
You hit the worm but do no damage.
The worm flickers and vanishes!
Deactivating autopickup; reactivate with Ctrl-A.
You hit something.
Something bites you. "Time to have some fun!"
You hit the adder but do no damage. Lightning courses through the adder!
You kill the adder!
The adder's corpse disappears in a puff of smoke!
The adder barely misses you. The worm bites you.
You hit the adder but do no damage. The adder bites you.
The adder barely misses you.
You hit the worm.
The worm suddenly seems more agile.
The worm is lightly wounded.
The worm closely misses you. The adder closely misses you.
You hit the worm but do no damage.
The worm seems to speed up.
The worm is lightly wounded.
The adder bites you. The worm bites you.
You hit the worm but do no damage.
The worm is lightly wounded.
The adder misses you. The worm closely misses you.
You hit the worm.
The worm is moderately wounded.
The adder bites you.
You barely miss the worm.
The worm is moderately wounded.
The adder bites you. The worm bites you but does no damage.
You hit the worm.
The worm is poisoned.
The worm is moderately wounded.
The adder bites you.
* * * LOW HITPOINT WARNING * * *
The worm barely misses you. The adder completely misses you.
You closely miss the worm.
The worm is moderately wounded.
The adder bites you but does no damage. The worm bites you.
* * * LOW HITPOINT WARNING * * *
You closely miss the worm.
The worm is moderately wounded.
The adder closely misses you. The worm bites you.
You die...

#.#######.# #### #.# #.#
#... #.# #.# #... #.# #.#
#..# #.# #.# ###..# #.# #.#
#..... #.# #.# #.##.#
#.#######.######.##.#
#>.w@Sb..........##..
########.###################
.........# #..........).####
.........# #.##########.#...
........(###.##########.#...
########....................
#......#.........###.#...
#......#.........# #.####
#......#.........# #.#


You could see a worm (summoned, fast, agile, very poisoned), an adder (summoned)
and a bat (summoned).

Vanquished Creatures
  3 dart slugs
  A leopard gecko (D:2)
  An orc (D:2)
  A ball python (D:1)
  2 giant cockroaches
  7 hobgoblins
  5 kobolds (D:2)
  2 frilled lizards (D:2)
  8 goblins
  7 rats
37 creatures vanquished.

Notes
Turn   | Place    | Note
-------+----------+-------------------------------------------
     0 | D:1      | Togure the Ghoul Chaos Knight began the quest for the Orb.
     0 | D:1      | Reached XP level 1. HP: 19/19 MP: 0/0
    23 | D:1      | XOM: potion effect (might)
   202 | D:1      | Reached XP level 2. HP: 21/26 MP: 1/1
   225 | D:1      | XOM: silly message
   289 | D:1      | XOM: divination: detect creatures
   309 | D:1      | Reached skill level 1 in Dodging
   345 | D:1      | XOM: silly message
   546 | D:2      | XOM: stealth player
   549 | D:2      | Reached XP level 3. HP: 33/33 MP: 2/2
  1037 | D:2      | Reached skill level 4 in Fighting
  1309 | D:2      | Found a bloodstained altar of Trog.
  1394 | D:2      | XOM: summons 4 hostile shadow creatures
  1405 | D:2      | Slain by a worm

Illustrated notes

Levels and vault maps discovered:
D:1:      scummos_arrival_star, layout_basic
D:2:      minmay_razor_zed, layout_basic, nicolae_overflow_crystal_walls

Skill      XL: |  1  2  3 |
---------------+----------+-----
Armour         | 2 |  2.2
Dodging        | 1 |  1.3
Short Blades   | 3 |  3.1
Fighting       | 4 |  4.0
Stealth        | |  0.6

Action                   || total
-------------------------++-------
Melee: Short sword       ||   118
 Stab: Confused          ||     1
       Paralysed         ||     1
       Sleeping          ||     1
Armor: Leather armour    ||    40
Dodge: Dodged            ||    60

Table legend: (Time is in decaauts)
 A = Elapsed time spent in this place.
 B = Non-inter-level travel time spent in this place.
 C = Inter-level travel time spent in this place.
 D = Time resting spent in this place.
 E = Time spent auto-exploring this place.
 F = Levels seen in this place.
 G = Mean time per level.
                   A        B        C        D        E       F      G
               +--------+--------+--------+--------+--------+-----+--------+
         Total |   1399 |   1370 |     29 |    251 |    746 |   2 |  699.5 |
       Dungeon |   1399 |   1370 |     29 |    251 |    746 |   2 |  699.5 |
               +--------+--------+--------+--------+--------+-----+--------+

Top non-repeatable levels by time:
     D:2: 855 daAuts
     D:1: 543 daAuts
